 Dungeon Sprint DCSS version 0.15-a0-1253-g15b4f57 (webtiles) character file.

1700000 MDvedh the Conqueror (level 15, -8/174 HPs)
             Began as a Minotaur Berserker on June 4, 2014.
             Was a Follower of Trog.
             Mangled by a meat berserker
             ... wielding a +9,+9 battleaxe
              (58 damage)
             ... in the Dungeon (Sprint VIII: "Arena of Blood").
             The game lasted 00:01:16 (17 turns).

MDvedh the Conqueror (Minotaur Berserker)             Turns: 17, Time: 00:01:17

HP  -8/174       AC  2     Str 27      XL: 15   Next: 33%
MP   5/29        EV 16     Int  4      God: Trog [*.....]
Gold 0           SH  0     Dex 11      Spells:  0 memorised, 32 levels left

rFire  . . .     SeeInvis .     j - +โˆž Axe of Woe
rCold  . . .     Clarity  .     b - +0 animal skin
rNeg   . . .     rCorr    .     (no shield)
rPois  .         rRot     .     (helmet restricted)
rElec  .         Spirit   .     (no cloak)
SustAb .         Warding  .     (no gloves)
rMut   .         NoTele   +     (no boots)
Gourm  .                        (no amulet)
MR     +....                    (no ring)
                                (no ring)

@: somewhat resistant to hostile enchantments, stealthy
A: retaliatory headbutt, horns 2
a: Burn Spellbooks, Berserk, Renounce Religion


You were in the Dungeon.
You worshipped Trog.
Trog was aware of your devotion.
You were not hungry.

You visited 1 branch

Inventory:

Hand weapons
 a - a +0,+0 hand axe
 j - the +โˆž,+โˆž Axe of Woe (weapon)
   (You found it in the Dungeon)
Armour
 b - a +0 animal skin (worn)
Comestibles
 c - a bread ration
Scrolls
 i - a scroll of blinking
Potions
 d - a potion of curing
 e - a potion of heal wounds
 f - a potion of haste
 g - 2 potions of magic
 h - a potion of berserk rage


   Skills:
 O Level 27 Fighting
 O Level 27 Axes
 + Level 12.4 Throwing
 + Level 9.7 Armour
 + Level 8.9 Dodging
 + Level 11.5 Stealth
 + Level 13.4 Unarmed Combat
 + Level 9.0 Spellcasting


You had 32 spell levels left.
You didn't know any spells.

Dungeon Overview and Level Annotations

Branches:
Dungeon (1/1)

Altars:
Makhleb


Innate Abilities, Weirdness & Mutations

You reflexively headbutt those who attack you in melee.
You have a pair of horns on your head.


Message History

Trog doesn't appreciate your training magic! x2
You can no longer call upon Trog for regeneration and protection from hostile enchantments.
Your Throwing skill increases to level 12!
Your Armour skill gained 2 levels and is now at level 9!
Your Dodging skill gained 2 levels and is now at level 8!
Your Stealth skill increases to level 11!
Your Unarmed Combat skill increases to level 13!
Your Spellcasting skill increases to level 9!
You hear a shout! x6
An orc and an ogre come into view.
Unknown command.
Unknown command.
You hear a shout! x3
The destroyer blinks!
You hear a shout! x4
The meat berserker appears out of thin air!
A meat berserker comes into view. It is wielding a +9,+9 battleaxe.
You hear a shout! x2
The meat berserker hits you with a +9,+9 battleaxe!!!
You die...

.......... ...
#.......# ....
#.......# .....
.###.....O.###...Vo.
......###.........ยง..
......._..........oo.
...#.....#o......#.#
#_.<._#.)O).O.....
#.....#.@.o..#.#.
....._....o)........
......###.....o...#.#
.###.......###o......
#.......# ....... #.
.....# ...... .. .....
..... .. .#.. #


You could see a destroyer, 3 meat berserkers and 8 bags of meat.

Vanquished Creatures
  3 ogres (D)
  5 orcs (D)
8 creatures vanquished.

Notes
Turn   | Place    | Note
--------------------------------------------------------------
     0 | D        | MDvedh, the Minotaur Berserker, began the quest for the Orb.
     0 | D        | Reached XP level 1. HP: 19/19 MP: 1/1
     3 | D        | Noticed a bag of meat
     4 | D        | Noticed a bag of meat
     6 | D        | Noticed a bag of meat
     6 | D        | Killed a bag of meat
     6 | D        | Reached skill level 24 in Fighting
     6 | D        | Reached XP level 2. HP: 21/64 MP: 1/1
     6 | D        | Reached XP level 3. HP: 23/72 MP: 2/2
     6 | D        | Reached XP level 4. HP: 25/80 MP: 2/2
     6 | D        | Reached XP level 5. HP: 27/88 MP: 2/2
     6 | D        | Reached XP level 6. HP: 29/96 MP: 3/3
     6 | D        | Reached XP level 7. HP: 31/104 MP: 3/3
     6 | D        | Reached XP level 8. HP: 33/112 MP: 3/3
     6 | D        | Reached XP level 9. HP: 35/119 MP: 4/4
     6 | D        | Reached XP level 10. HP: 37/128 MP: 4/4
     6 | D        | Reached XP level 11. HP: 39/136 MP: 4/4
     7 | D        | Noticed a meat berserker
     7 | D        | Killed a bag of meat
     7 | D        | Acquired Trog's second power
     7 | D        | Reached skill level 27 in Fighting
     7 | D        | Reached XP level 12. HP: 41/151 MP: 5/5
     8 | D        | Noticed a bag of meat
     8 | D        | Noticed a meat berserker
     8 | D        | Killed a bag of meat
     8 | D        | Reached XP level 13. HP: 43/159 MP: 5/5
    11 | D        | Noticed a meat berserker
    11 | D        | Noticed a bag of meat
    11 | D        | Noticed a bag of meat
    11 | D        | Noticed a bag of meat
    12 | D        | Noticed a meat berserker
    12 | D        | Noticed a bag of meat
    13 | D        | Noticed a meat berserker
    13 | D        | Noticed a bag of meat
    13 | D        | Noticed a bag of meat
    13 | D        | Noticed a bag of meat
    13 | D        | Killed a meat berserker
    13 | D        | Reached skill level 27 in Axes
    14 | D        | Killed a meat berserker
    14 | D        | Reached XP level 14. HP: 47/168 MP: 5/21
    15 | D        | Noticed a destroyer
    15 | D        | Killed a bag of meat
    15 | D        | Reached skill level 10 in Throwing
    15 | D        | Reached skill level 10 in Unarmed Combat
    16 | D        | Noticed a bag of meat
    16 | D        | Noticed a bag of meat
    16 | D        | Killed a meat berserker
    16 | D        | Reached skill level 10 in Stealth
    16 | D        | Reached XP level 15. HP: 49/174 MP: 5/28
    16 | D        | Killed a bag of meat
    17 | D        | Noticed a bag of meat
    17 | D        | Noticed a meat berserker
    17 | D        | Mangled by a meat berserker

Action                   |  1- 3 |  4- 6 |  7- 9 | 10-12 | 13-15 || total
-------------------------+-------+-------+-------+-------+-------++-------
Melee: Executioner's axe |     1 |       |       |     2 |     4 ||     7
